AoeStats
← persephone9

Yucatan

503656429Analyzed
2v2 RM · 1mo ago on Sep 1, 2026· 76m 43s· 4 players
Game mode
Random Map
Map size
Medium (4 player)
Population
200
Speed
Normal
Resources
Standard
Victory
Conquest
Starting age
Dark Age
Ending age
Imperial Age
RankedLock teamsTeams togetherTeam positionsShared explorationLock speedFull tech treeHidden civsTurbo modeCheats
Victory
Defeat
🇸🇪 Wei · Sweden
718
+15
🇸🇪 Saracens · Sweden
718
+15
🇺🇸 Tupi · United States
736
-17
🇺🇸 Teutons · United States
645
-13
Codename |A|
0:29 Loom
10:41 Feudal Age
17:27 Castle Age
16:23 Stone Mining
16:14 Horse Collar
16:40 Double-Bit Axe
17:33 Gold Mining
18:50 Wheelbarrow
18:31 Bow Saw
18:08 Town Watch
20:44 Heavy Plow
26:34 Forging
26:30 Scale Barding Armor
26:45 Fletching
27:44 Husbandry
27:54 Bloodlines
29:15 Ballistics
29:06 Masonry
29:34 Iron Casting
30:16 Hand Cart
30:41 Fervor
30:51 Sanctity
30:41 Bodkin Arrow
36:10 Imperial Age
34:03 Bimaristan
34:45 Chain Barding Armor
35:49 Bodkin Arrow
35:39 Elite Skirmisher
37:30 Thumb Ring
38:34 Gold Shaft Mining
39:18 Chemistry
38:14 Murder Holes
38:31 Fortified Wall
40:02 Light Cavalry
44:54 Town Patrol
45:51 Padded Archer Armor
45:52 Bracer
46:18 Conscription
47:37 Elite Mameluke
51:29 Plate Barding Armor
51:11 Leather Archer Armor
53:12 Blast Furnace
52:38 Siege Engineers
55:00 Hussar
60:47 Ring Archer Armor
60:18 Scale Mail Armor
62:35 Heavy Camel Rider
69:14 Chain Mail Armor
70:03 Two-Man Saw
DeadVrek
0:26 Loom
10:44 Feudal Age
12:04 Wheelbarrow
11:18 Double-Bit Axe
11:43 Horse Collar
16:12 Stone Mining
16:13 Gold Mining
19:59 Castle Age
21:03 Hand Cart
21:08 Bow Saw
22:45 Stone Shaft Mining
30:18 Heavy Plow
33:21 Gold Shaft Mining
39:36 Imperial Age
37:00 Fletching
37:15 Scale Barding Armor
37:58 Elite Skirmisher
38:42 Husbandry
38:52 Bloodlines
39:22 Chain Barding Armor
39:12 Forging
39:00 Town Watch
39:41 Murder Holes
39:57 Masonry
39:57 Tuntian
41:38 Thumb Ring
43:19 Hoardings
43:36 Crop Rotation
44:33 Ming Guang Armor
45:13 Town Patrol
45:21 Elite Tiger Cavalry
48:00 Fortified Wall
47:31 Treadmill Crane
48:12 Ballistics
48:52 Chemistry
48:56 Conscription
49:35 Parthian Tactics
48:35 Heavy Hei Guang Cavalry
49:34 Scale Mail Armor
50:09 Iron Casting
49:32 Heated Shot
56:54 Chain Mail Armor
56:39 Padded Archer Armor
56:34 Bodkin Arrow
57:40 Blast Furnace
56:41 Guard Tower
62:43 Keep
65:59 Leather Archer Armor
65:44 Bracer
persephone9
0:27 Loom
12:06 Feudal Age
12:37 Town Watch
22:19 Castle Age
21:09 Horse Collar
21:14 Double-Bit Axe
21:24 Stone Mining
21:27 Double-Bit Axe
22:21 Gold Mining
32:20 Imperial Age
32:52 Fletching
33:07 Town Patrol
33:29 Ballistics
34:33 Conscription
35:13 Padded Archer Armor
37:41 Elite Blackwood Archer
41:09 Pikeman
43:10 Leather Archer Armor
42:55 Scale Mail Armor
46:36 Murder Holes
47:43 Chemistry
Raidho
0:29 Loom
14:38 Feudal Age
15:29 Double-Bit Axe
16:33 Wheelbarrow
15:44 Town Watch
16:43 Arson
17:14 Horse Collar
18:12 Forging
18:04 Scale Mail Armor
19:05 Stone Mining
19:05 Gold Mining
21:05 Gold Mining
26:09 Fletching
30:11 Castle Age
30:59 Heavy Plow
31:36 Stone Shaft Mining
31:12 Bow Saw
31:41 Hand Cart
31:27 Town Patrol
31:56 Caravan
31:19 Demolition Ship
32:19 Bodkin Arrow
33:00 Iron Casting
32:31 Scale Barding Armor
32:30 Squires
34:33 Iron Casting
34:14 Chain Mail Armor
34:29 Fortified Wall
34:30 Masonry
34:32 Clinker Construction
35:30 Careening
36:42 Chain Mail Armor
37:23 Coinage
37:35 Heated Shot
37:37 Guard Tower
40:13 Bloodlines
40:48 Ironclad
44:11 Imperial Age
44:25 Elite Teutonic Knight
45:25 Conscription
45:14 Devotion
44:50 Heavy Demolition Ship
46:39 Chemistry
46:00 Ballistics
46:27 Siege Engineers
48:03 Two-Man Saw
47:35 Crop Rotation
48:42 Crenellations
50:14 Hoardings
50:13 Plate Mail Armor
53:35 Keep
53:21 Carvel Hull
52:47 Arrowslits
52:37 Cavalier
54:44 Paladin
55:38 Sappers
56:45 Gambesons
56:21 Man-at-Arms
58:03 Blast Furnace
57:24 Chain Barding Armor
60:02 Onager
60:12 Capped Ram
61:52 Plate Barding Armor
Connection lost

Rejoining the realm…

Still unreachable

The connection could not be restored.

Session expired

The server has moved on; the page needs a fresh start.